 Seeded DCSS version 0.29-a0-330-g52719c12eb (webtiles) character file.

Game seed: 20220404 (custom seed)

124 a11behringer the Chopper (level 5, 0/46 HPs)
             Began as a Hill Orc Cinder Acolyte on Apr 12, 2022.
             Was a High Priest of Ignis.
             Slain by an orc wizard
             ... wielding a +0 dagger
              (3 damage)
             ... on level 4 of the Dungeon.
             The game lasted 00:07:24 (3418 turns).

a11behringer the Chopper (Hill Orc Cinder Acolyte)  Turns: 3418, Time: 00:07:25

Health: 0/46       AC:  4    Str: 19    XL:     5   Next: 8%
Magic:  3/6        EV: 11    Int: 14    God:    Ignis [*****.]
Gold:   161        SH:  5    Dex:  6    Spells: 4/6 levels left

rFire   + . .      SeeInvis .   a - -1 hand axe (flame)
rCold   . . .      Faith    .   (no shield)
rNeg    . . .      Spirit   .   d - +1 leather armour
rPois   .          Reflect  +   (no helmet)
rElec   .          Harm     .   (no cloak)
rCorr   .          Rampage  .   (no gloves)
Will    .....                   (no boots)
Stlth   +.........              g - amulet of reflection
HPRegen 0.15/turn               (no ring)
MPRegen 0.10/turn               (no ring)

@: no status effects
A: no striking features
a: Renounce Religion, Fiery Armour, Foxfire Swarm, Rising Flame


You were on level 4 of the Dungeon.
You worshipped Ignis.
Ignis was extremely pleased with you.
You visited 1 branch of the dungeon, and saw 4 of its levels.

You collected 161 gold pieces.

Inventory:

Hand Weapons
 a - a -1 hand axe of flaming (weapon)
Missiles
 p - 3 poisoned darts (quivered)
Armour
 b - a +0 robe
 d - a +1 leather armour (worn)
Jewellery
 g - an amulet of reflection (around neck)
Scrolls
 c - 2 scrolls of holy word {unknown}
 e - a scroll of vulnerability {unknown}
 o - a scroll of fog {unknown}
 q - a scroll of acquirement {unknown}
 t - a scroll of enchant weapon {unknown}
 v - a scroll of identify
Potions
 f - 3 potions of might
 h - 2 potions of brilliance
 i - 2 potions of lignification {unknown}
 j - a potion of flight
 k - 2 potions of curing {unknown}
 l - 2 potions of mutation {unknown}
 m - a potion of attraction {unknown}
 n - a potion of berserk rage {unknown}
 r - a potion of ambrosia {unknown}
 s - a potion of degeneration {unknown}
 u - a potion of magic {unknown}


   Skills:
 + Level 4.1 Fighting
 * Level 5.9 Axes
 + Level 1.6 Armour
 + Level 1.0 Dodging
 + Level 0.2 Stealth
 + Level 0.2 Shields
 + Level 1.0 Spellcasting
 + Level 3.5 Fire Magic


You had 4 spell levels left.
You knew the following spells:

 Your Spells              Type           Power      Damage    Failure   Level
a - Scorch                Fire           20%        2d6       11%         2

Your spell library contained the following spells:

 Spells                   Type           Power      Damage    Failure   Level


Dungeon Overview and Level Annotations

Branches:
Dungeon (4/15)
 Temple: D:4-7

Altars:
Gozag
Vehumet

Shops:
D:1 *   D:3 :


Message History

You miss something. Something hits you but does no damage.
Your magical contamination has completely faded away.
You hit something but do no damage.
You hear some strange, mumbled words.
A magic dart appears from out of thin air!
The magic dart hits you.
You miss something. Something hits you.
You barely miss something.
You hear some strange, mumbled words.
A magic dart appears from out of thin air!
The magic dart hits you.
* * * LOW HITPOINT WARNING * * *
You miss something.
You hear some strange, mumbled words.
Something tries to affect you, but you resist.
You miss something. Something hits you.
* * * LOW HITPOINT WARNING * * *
You closely miss something. Something hits you but does no damage.
You hit something. You burn something. Something hits you.
* * * LOW HITPOINT WARNING * * *
You miss something. Something hits you.
* * * LOW HITPOINT WARNING * * *
You hit something but do no damage.
You hear some strange, mumbled words.
A puff of flame appears from out of thin air!
The puff of flame misses you.
You miss something. Something hits you.
* * * LOW HITPOINT WARNING * * *
You barely miss something. Something hits you but does no damage.
You hit something. You burn something. Something hits you.
* * * LOW HITPOINT WARNING * * *
Casting: Scorch (safe; 11% risk of failure)
Confirm with . or Enter, or press ? or * to list all spells.
You can't see any susceptible monsters within range! (Use Z to cast anyway.)
Casting: Scorch (safe; 11% risk of failure)
Confirm with . or Enter, or press ? or * to list all spells.
You don't know that spell.
Unknown command.
You miss something. Something hits you.
You die...

..# #.# #.# #.# #####
#.# ###...###.## ##
#..)....#..###..##
###...........)..?.#
#..........##@)....#
####.._..8.._.###{<...#
..##..........# .....#
.<...#.......## .....#
#............# ...#..#
###........### ..## >.
##..###### ### . ..##
.##


There were no monsters in sight!

Vanquished Creatures
  An orc priest (D:4)
  3 adders
  A dart slug (D:2)
  2 worms (D:3)
  4 orcs
  4 bats
  2 endoplasms (D:2)
  2 giant cockroaches
  8 goblins
  4 hobgoblins
  8 kobolds
  4 quokkas
  4 ball pythons
  2 frilled lizards
  7 rats
56 creatures vanquished.

Notes
Turn   | Place    | Note
-------+----------+-------------------------------------------
     0 | D:1      | a11behringer the Hill Orc Cinder Acolyte began the quest
                  | for the Orb.
     0 | D:1      | Reached XP level 1. HP: 19/19 MP: 2/2
   242 | D:1      | Found a faded altar of an unknown god.
   251 | D:1      | Reached XP level 2. HP: 27/27 MP: 3/3
   363 | D:1      | Found Goapadgh's Assorted Antiques.
   660 | D:1      | Learned a level 2 spell: Scorch
  1334 | D:2      | Reached XP level 3. HP: 33/33 MP: 4/4
  1456 | D:2      | Reached skill level 5 in Axes
  1957 | D:2      | Reached XP level 4. HP: 39/40 MP: 5/5
  2481 | D:2      | Reached skill level 1 in Armour
  2898 | D:3      | Found Omots's Book Boutique.
  3372 | D:4      | Found an opulent altar of Gozag.
  3377 | D:4      | Found a radiant altar of Vehumet.
  3404 | D:4      | Reached skill level 1 in Dodging
  3404 | D:4      | Reached XP level 5. HP: 20/46 MP: 1/6
  3417 | D:4      | HP: 2/46 [something (2)]
  3418 | D:4      | Slain by an orc wizard

Illustrated notes

Levels and vault maps discovered:
D:1:      elethiomel_arrival_quiet, layout_basic, ebering_ecumenical_altar_mist,
          serial_shops, nicolae_lakefront_shop, minmay_cut_off
D:2:      layout_basic
D:3:      layout_basic, serial_shops, shop
D:4:      layout_cave_pods, grunt_temple_overflow_open, uniq_grinder,
          uniq_natasha, uniq_duvessa

Skill      XL: |  1  2  3  4 |
---------------+-------------+-----
Axes           | 5 |  5.9
Fighting       | 4 |  4.1
Armour         | 1 |  1.6
Dodging        | 1 |  1.0
Stealth        | |  0.2
Shields        | |  0.2
Spellcasting   | |  1.0
Fire Magic     | |  3.5

Action                   |  1- 3 |  4- 6 || total
-------------------------+-------+-------++-------
Melee: Hand axe          |   126 |    80 ||   206
       Punch             |     1 |       ||     1
 Cast: Scorch            |     2 |     1 ||     3
  Use: Scroll            |     6 |       ||     6
Armor: Leather armour    |    45 |    18 ||    63
Dodge: Dodged            |    70 |    26 ||    96
Block: Other             |    12 |     9 ||    21

Table legend: (Time is in decaauts)
 A = Elapsed time spent in this place.
 B = Non-inter-level travel time spent in this place.
 C = Inter-level travel time spent in this place.
 D = Time resting spent in this place.
 E = Time spent auto-exploring this place.
 F = Levels seen in this place.
 G = Mean time per level.
                   A        B        C        D        E       F      G
               +--------+--------+--------+--------+--------+-----+--------+
         Total |   3426 |   3310 |    116 |      0 |   2853 |   4 |  856.5 |
       Dungeon |   3426 |   3310 |    116 |      0 |   2853 |   4 |  856.5 |
               +--------+--------+--------+--------+--------+-----+--------+

Top non-repeatable levels by time:
     D:1: 1319 daAuts
     D:2: 1235 daAuts
     D:3: 825 daAuts
     D:4: 45 daAuts
